 Dungeon Crawl Stone Soup version 0.30-a0-578-gdee14c521f (console) character file.

Game seed: 12918695524208543781

308 jejorda2 the Poker (level 6, -8/49 HPs)
             Began as a Merfolk Berserker on Dec 31, 2022.
             Was a Believer of Trog.
             Killed by divine providence
             ... invoked by an orc priest
              (11 damage)
             ... on level 4 of the Dungeon.
             The game lasted 00:06:51 (3147 turns).

jejorda2 the Poker (Merfolk Berserker)              Turns: 3147, Time: 00:06:51

Health: -8/49      AC:  7    Str: 19    XL:     6   Next: 40%
Magic:  6/6        EV: 12    Int:  6    God:    Trog [**....]
Gold:   127        SH:  0    Dex: 14    Spells: 5/5 levels left

rFire   . . .      SeeInvis +    a - +0 spear
rCold   . . .      Faith    .    (no shield)
rNeg    . . .      Spirit   .    r - +0 ring mail
rPois   .          Reflect  .    q - +1 hat
rElec   .          Harm     .    (no cloak)
rCorr   .          Rampage  .    (no gloves)
Will    .....                    x - +0 pair of boots
Stlth   +                        (no amulet)
HPRegen 0.28/turn                i - ring of see invisible
MPRegen 0.10/turn                (no ring)

@: on berserk cooldown, slowed, very slow
A: (nimble swimmer 2), mertail
a: Renounce Religion, Berserk, Trog's Hand


You were on level 4 of the Dungeon.
You worshipped Trog.
Trog was pleased with you.
You visited 1 branch of the dungeon, and saw 4 of its levels.

You collected 127 gold pieces.

Inventory:

Hand Weapons
 a - a +0 spear (weapon)
Missiles
 j - 16 stones (quivered)
 m - 4 javelins
 v - 4 silver javelins
Armour
 q - a +1 hat (worn)
 r - a +0 ring mail (worn)
 x - a +0 pair of boots (worn)
Jewellery
 i - a ring of see invisible (left hand)
Scrolls
 c - 2 scrolls of fog {unknown}
 d - 3 scrolls of teleportation {unknown}
 e - 2 scrolls of enchant armour {unknown}
 h - a scroll of amnesia {unknown}
 l - 5 scrolls of identify {unknown}
 p - 3 scrolls of immolation {unknown}
 s - 3 scrolls of poison {unknown}
 t - a scroll of vulnerability {unknown}
Potions
 b - a potion of mutation {unknown}
 f - 3 potions of ambrosia {unknown}
 g - a potion of degeneration {unknown}
 k - 2 potions of berserk rage {unknown}
 n - a potion of invisibility {unknown}
 o - 2 potions of resistance {unknown}
 u - a potion of curing {unknown}
 w - a potion of cancellation {unknown}


   Skills:
 + Level 4.7 Fighting
 * Level 7.1 Polearms
 - Level 1.3 Armour
 + Level 4.9 Dodging


You had 5 spell levels left.
You didn't know any spells.
Your spell library was empty.

Dungeon Overview and Level Annotations

Branches:
Dungeon (4/15)             Temple (0/1) D:4

Altars:
Yredelemnul


Innate Abilities, Weirdness & Mutations

((You are very nimble when in or above water. (Stealth+, EV+, Speed+++)))
Your lower body shifts to a powerful aquatic tail in water.


Message History

The orc is severely wounded.
You puncture the orc!
You kill the orc!
Trog accepts your kill.
You are no longer berserk.
You are exhausted.
You feel yourself slow down. The orc priest closely misses you.
You reach to attack!
You closely miss the orc priest. The orc priest barely misses you.
You reach to attack!
You hit the orc priest but do no damage.
The orc priest hits you from afar with a +0 trident.
You reach to attack!
You barely miss the orc priest.
Your skin stops crawling.
You feel less strong-willed.
The orc priest hits you but does no damage.
You reach to attack!
You barely miss the orc priest.
The orc priest hits you from afar with a +0 trident.
The gnoll closely misses you.
You reach to attack!
You barely miss the orc priest.
The orc priest hits you but does no damage.
The gnoll barely misses you.
You reach to attack!
You puncture the orc priest!
The orc priest is heavily wounded.
The orc priest hits you from afar with a +0 trident.
The gnoll barely misses you.
The gnoll hits you from afar with a +0 spear.
The orc priest hits you from afar with a +0 trident.
You are too injured to fight recklessly!
The orc priest misses you.
The orc priest looks braver for a moment.
The gnoll hits you but does no damage.
The gnoll hits you from afar with a +0 spear.
The orc priest calls down the wrath of Beogh upon you.
Beogh smites you!
* * * LOW HITPOINT WARNING * * *
The gnoll hits you from afar with a +0 spear.
* * * LOW HITPOINT WARNING * * *
The orc priest calls down the wrath of Beogh upon you.
Beogh smites you!
You die...

#..##..#. ...... # # #.)### .#.
#..o.# ##... #.# ##.#.#.##... #.#
#.#.#.##... #.# #.g...##...
##.### ###.### .... #....#
#@######.## ##<#.#
#.##......######.#
##.##.............#
##...#.####.#####..# #######
#.#.......#.##..)..# #.....#
##.#)#.##......##.##
###.....########)#.......#####...
................)##.###..#####...
###.....#..#####.#### #........##


You could see an orc priest and a gnoll.

Vanquished Creatures
  A hound (D:4)
  A gnoll bouda (D:4)
  An orc wizard (D:4)
  Natasha (thrice) (D:2)
  3 gnolls (D:4)
  An adder (D:2)
  A white imp (D:4)
  An ufetubus (D:4)
  2 worms
  4 dart slugs
  3 orcs (D:4)
  5 bats
  10 endoplasms
  5 giant cockroaches
  8 goblins
  4 hobgoblins
  4 jackals
  9 kobolds
  4 quokkas
  7 ball pythons
  5 frilled lizards
  2 rats (D:3)
84 creatures vanquished.

Notes
Turn   | Place    | Note
-------+----------+-------------------------------------------
     0 | D:1      | jejorda2 the Merfolk Berserker began the quest for the Orb.
     0 | D:1      | Reached XP level 1. HP: 18/18 MP: 1/1
    95 | D:1      | Reached XP level 2. HP: 24/24 MP: 2/2
   232 | D:1      | You fall into a shaft and drop 1 floor!
   385 | D:2      | Noticed Natasha
   390 | D:2      | Noticed a crimson imp
   397 | D:2      | Killed Natasha
   398 | D:2      | Reached skill level 5 in Polearms
   398 | D:2      | Reached XP level 3. HP: 24/30 MP: 3/3
   686 | D:2      | Noticed Natasha
   706 | D:2      | Killed Natasha
   707 | D:2      | Reached XP level 4. HP: 19/37 MP: 4/4
  1381 | D:2      | Reached ** piety under Trog
  1414 | D:2      | Noticed Natasha
  1421 | D:2      | Killed Natasha
  1422 | D:2      | Reached XP level 5. HP: 42/42 MP: 5/5
  1474 | D:1      | Reached skill level 6 in Polearms
  1980 | D:3      | Found a basalt altar of Yredelemnul.
  2831 | D:4      | Found a staircase to the Ecumenical Temple.
  3037 | D:4      | Reached XP level 6. HP: 49/49 MP: 6/6
  3127 | D:4      | Reached skill level 7 in Polearms
  3147 | D:4      | Killed from afar by an orc priest

Illustrated notes

Levels and vault maps discovered:
D:1:      dpeg_arrival_tiny_c, layout_rooms
D:2:      layout_loops_ring, uniq_natasha
D:3:      layout_basic, mainiacjoe_overflow_chevrons
D:4:      layout_loops_cross, grunt_dithmenos_smoke_and_mirrors,
          minmay_temple_entry_antechambers

Skill      XL: |  1  2  3  4  5  6 |
---------------+-------------------+-----
Dodging        | 3 4 |  4.9
Polearms       | 5 6 7 |  7.1
Fighting       | 4 |  4.7
Armour         | |  1.3

Action                   |  1- 3 |  4- 6 || total
-------------------------+-------+-------++-------
Melee: Spear             |    97 |   259 ||   356
       Punch             |     1 |       ||     1
Throw: Stone             |       |     2 ||     2
Invok: Berserk           |     3 |     4 ||     7
       Trog's Hand       |       |     1 ||     1
Armor: Animal skin       |    11 |    14 ||    25
       Ring mail         |       |    18 ||    18
Dodge: Dodged            |    74 |   114 ||   188

Table legend: (Time is in decaauts)
 A = Elapsed time spent in this place.
 B = Non-inter-level travel time spent in this place.
 C = Inter-level travel time spent in this place.
 D = Time resting spent in this place.
 E = Time spent auto-exploring this place.
 F = Levels seen in this place.
 G = Mean time per level.
                   A        B        C        D        E       F      G
               +--------+--------+--------+--------+--------+-----+--------+
         Total |   3142 |   3027 |    115 |    544 |   1886 |   4 |  785.5 |
       Dungeon |   3142 |   3027 |    115 |    544 |   1886 |   4 |  785.5 |
               +--------+--------+--------+--------+--------+-----+--------+

Top non-repeatable levels by time:
     D:2: 1292 daAuts
     D:4: 635 daAuts
     D:1: 618 daAuts
     D:3: 596 daAuts
